 Dungeon Crawl Stone Soup version 0.29-a0-88-g03a7b78be7 (webtiles) character file.

Game seed: 1422973447784672565

16712 lordive the Covert (level 12, -4/60 HPs)
             Began as a Spriggan Enchanter on Feb 5, 2022.
             Was an Elder of Dithmenos.
             Slain by a minotaur (30 damage)
             ... in a Gauntlet.
             The game lasted 00:37:22 (17306 turns).

lordive the Covert (Spriggan Enchanter)            Turns: 17306, Time: 00:37:23

Health: -4/60      AC:  5    Str:  4    XL:     12   Next: 12%
Magic:  25/27      EV: 19    Int: 21    God:    Dithmenos [****..]
Gold:   857        SH:  6    Dex: 16    Spells: 12/32 levels left

rFire   . . .      SeeInvis +   a - +1 dagger
rCold   . . .      Faith    .   D - +0 buckler
rNeg    . . .      Spirit   .   M - +0 troll leather armour
rPois   +          Reflect  .   (helmet restricted)
rElec   .          Harm     .   q - +0 cloak
rCorr   .          Rampage  .   (gloves unavailable)
Will    ++...      NoTele   +   (boots unavailable)
Stlth   ++++++++..              (no amulet)
HPRegen 1.00/turn               K - ring of poison resistance
MPRegen 0.20/turn               (no ring)

@: confusing by touch, wreathed by umbra, very quick
A: very small, no large weapons, unfitting armour, see invisible, speed 3
a: Renounce Religion, Shadow Step


You were in a Gauntlet.
You worshipped Dithmenos.
Dithmenos was greatly pleased with you.
You visited 3 branches of the dungeon, and saw 14 of its levels.
You also visited: Ossuary and Gauntlet.

You collected 857 gold pieces.

Inventory:

Hand Weapons
 a - a +1 dagger (weapon)
 b - a +3 rapier
Missiles
 x - a throwing net
 G - a curare-tipped dart (quivered)
 H - 32 poisoned darts
Armour
 q - a +0 cloak (worn)
 r - a +2 robe of willpower
 C - +0 steam dragon scales
 D - a +0 buckler (worn)
 J - +0 acid dragon scales
 M - a +0 troll leather armour (worn)
 O - a +1 robe of fire resistance
 Q - the +1 cloak of Day {Fly rElec Will-}
   (You found it in a Gauntlet)

   rElec:     It insulates you from electricity.
   Fly:       It grants you flight.
   Will:      It decreases your willpower.
Jewellery
 c - the ring of Widageg {MP+9 Str+4}
   (You found it in a Gauntlet)

   [ring of magical power]

   Str:       It affects your strength (+4).
   MP:        It affects your magic capacity (+9).
 E - an amulet of guardian spirit
 K - a ring of poison resistance (left hand)
Wands
 s - a wand of flame (9)
 w - a wand of mindburst (6)
 y - a wand of digging (7)
 N - a wand of acid (3)
Scrolls
 f - 3 scrolls of vulnerability {unknown}
 j - 7 scrolls of teleportation {unknown}
 k - 3 scrolls of amnesia {unknown}
 l - a scroll of brand weapon {unknown}
 n - 4 scrolls of enchant weapon {unknown}
 o - a scroll of immolation {unknown}
 t - 4 scrolls of fog {unknown}
 F - 2 scrolls of fear {unknown}
 L - 3 scrolls of silence {unknown}
Potions
 d - a potion of cancellation
 e - a potion of heal wounds
 g - 6 potions of curing
 h - 5 potions of attraction
 i - a potion of ambrosia
 m - 7 potions of mutation
 p - 3 potions of berserk rage
 u - 2 potions of magic
 z - 4 potions of might
 A - 3 potions of brilliance
 B - 4 potions of haste {unknown}
 P - a potion of resistance {unknown}
Miscellaneous
 v - a box of beasts


   Skills:
 * Level 5.4 Fighting
 * Level 6.9 Short Blades
 * Level 3.1 Armour
 * Level 9.1 Dodging
 + Level 13.7 Stealth
 * Level 3.0 Shields
 * Level 10.9 Spellcasting
 * Level 10.6 Hexes
 * Level 4.3 Translocations
 * Level 2.4 Invocations


You had 12 spell levels left.
You knew the following spells:

 Your Spells              Type           Power      Damage    Failure   Level
a - Ensorcelled Hibernat  Hex/Ice        66%        N/A       3%          2
b - Confusing Touch       Hex            54%        N/A       1%          3
c - Tukima's Dance        Hex            54%        N/A       1%          3
d - Manifold Assault      Tloc           29%        N/A       69%         5
e - Enfeeble              Hex            27%        N/A       91%         7

Your spell library contained the following spells:

 Spells                   Type           Power      Damage    Failure   Level
 Blink                    Tloc           58%        N/A       5%          2
 Dazzling Flash           Conj/Hex       66%        N/A       7%          3
 Beastly Appendage        Tmut           22%        N/A       22%         1
 Magic Dart               Conj           44%        1d5       22%         1
 Shock                    Conj/Air       44%        1d5       22%         1
 Sting                    Tmut/Pois      44%        1d5       22%         1
 Anguish                  Hex/Necr       16%        N/A       24%         4
 Fulminant Prism          Conj/Hex       16%        3d11      24%         4
 Poisonous Vapours        Pois/Air       22%        N/A       32%         2
 Searing Ray              Conj           22%        2d5       32%         2
 Sublimation of Blood     Necr           11%        N/A       32%         2
 Wereblood                Tmut           11%        N/A       32%         2
 Spider Form              Tmut/Pois      11%        N/A       54%         3
 Swiftness                Air            11%        N/A       54%         3
 Airstrike                Air            5%         N/A       91%         4
 Olgreb's Toxic Radiance  Pois           11%        N/A       91%         4
 Petrify                  Tmut/Erth      11%        N/A       91%         4
 Alistair's Intoxication  Tmut/Pois      7%         N/A       99%         5
 Borgnjor's Vile Clutch   Necr/Erth      5%         N/A       99%         5
 Irradiate                Conj/Tmut      5%         3d15      99%         5
 Eringya's Noxious Bog    Tmut/Pois      5%         N/A       100%        6
 Storm Form               Tmut/Air       5%         N/A       100%        7
 Summon Hydra             Summ           5%         N/A       100%        7


Dungeon Overview and Level Annotations

Branches:
Dungeon (12/15)            Temple (1/1) D:5            Lair (1/6) D:11
    Orc (0/2) D:11        Ossuary (visited)         Gauntlet (1/1)

Altars:
Ashenzari
Cheibriados
Dithmenos
Elyvilon
Fedhas
Gozag
Hepliaklqana
Kikubaaqudgha
Makhleb
Nemelex Xobeh
Okawaru
Qazlal
Ru
Sif Muna
Trog
Uskayaw
Vehumet
Wu Jian
Xom
Yredelemnul
Zin
The Shining One

Shops:
D:2 [

Annotations:
Gauntlet 12 transporters, exclusion: obsidian statue


Innate Abilities, Weirdness & Mutations

You are very small and have problems with some larger weapons.
You are too small for most types of armour.
You have supernaturally acute eyesight. (SInv)
You cover ground extremely quickly. (Speed+++)


Message History

G - a curare-tipped dart HP restored.
Partly explored, unvisited transporter.
Partly explored, unvisited transporter.
You see here a torpor snail corpse.
There is a transporter here.
You enter the transporter and appear at another place.
Found a gate leading back out of this place.
A minotaur comes into view. It is quivering silver javelins.
A minotaur is nearby!
A minotaur is nearby!
Casting: Ensorcelled Hibernation (safe; 3% risk of failure)
Confirm with . or Enter, or press ? or * to list all spells.
Aiming: Ensorcelled Hibernation (safe; 3% risk of failure)
Press: ? - help, Shift-Dir - straight line, f - minotaur
Aim: a minotaur, wearing a +0 chain mail and quivering silver javelins (wandering, hasn't noticed you, umbra, chance to affect: 6%)
Okay, then.
Okay, then.
Casting: Ensorcelled Hibernation (safe; 3% risk of failure)
Confirm with . or Enter, or press ? or * to list all spells.
Your hands begin to glow red.
The minotaur bellows!
The minotaur throws a silver javelin.
The silver javelin pierces through you!
You hit the minotaur but do no damage. The minotaur hits you!
The minotaur gores you but does no damage.
You hit the minotaur but do no damage. The minotaur barely misses you.
The minotaur closely misses you.
You hit the minotaur but do no damage.
Your shadow closely misses the minotaur.
The minotaur hits you!!
* * * LOW HITPOINT WARNING * * *
The minotaur gores you but does no damage.
You feel much better. You block the minotaur's attack. The minotaur gores you.
You hit the minotaur but do no damage. You hit the minotaur but do no damage.
The minotaur hits you!!
* * * LOW HITPOINT WARNING * * *
The minotaur misses you.
You feel much better. The minotaur hits you!!
Ouch! That really hurt!
You die...

#
#8##≈...............≈##8#
#8# # #
####8..©.©.©.©.©.©..8####
### # #≈...............§#
###.##.##.##.##.###
#.##.##.##.##.##
...............#
##.##.##.##.##.#
#.##.##.##.##.#
........@H....#
##.###'#.##.### #. #.#.#
. #.#.. #.##.# #∩ .# ##
.. #.


You could see a minotaur.

Vanquished Creatures
  A hydra (Gauntlet)
  A boulder beetle (D:11)
  3 two-headed ogres
  Urug (D:10)
  Nergalle (D:10)
  A necromancer (Gauntlet)
  An oklob plant (D:11)
  2 cyclopes
  Joseph (D:8)
  A rust devil (Gauntlet)
  A torpor snail (Gauntlet)
  A kobold demonologist (D:10)
  2 trolls (D:11)
  A hornet (D:10)
  A ynoxinul (Gauntlet)
  2 wyverns (D:9)
  2 vampires
  Grum (D:8)
  7 yaks (D:10)
  Eustachio (D:5)
  A steam dragon (D:8)
  2 vampire mosquitoes (D:10)
  3 acid dragons
  2 water moccasins (D:6)
  An ice beast (D:6)
  7 orc warriors
  2 sky beasts
  3 black bears
  5 ogres
  A necrophage (D:6)
  2 centaurs
  7 wolves
  2 phantoms (D:5)
  6 kobold brigands
  3 bullfrogs (D:8)
  2 elf skeletons (D:6)
  Blork the orc (D:5)
  4 gnoll sergeants (D:11)
  A scorpion (D:5)
  A water moccasin skeleton (D:5)
  6 killer bees (D:8)
  2 electric eels (D:7)
  5 howler monkeys (D:10)
  3 centaur zombies
  2 jellies
  4 bullfrog zombies (D:5)
  2 human zombies (D:6)
  5 orc priests
  A hound (D:6)
  Crazy Yiuf (D:4)
  3 iron imps (Gauntlet)
  A centaur skeleton (D:7)
  7 iguanas
  6 orc wizards
  3 human skeletons (D:6)
  2 killer bee zombies
  8 mummies (Ossuary)
  A howler monkey zombie (D:9)
  15 gnolls
  4 adders
  A shadow imp (D:6)
  A white imp (D:7)
  An ufetubus (D:5)
  5 worms
  2 dart slugs (D:5)
  25 orcs
  4 bats
  5 endoplasms
  3 giant cockroaches
  5 goblins
  8 hobgoblins
  22 kobolds
  3 quokkas
  9 ball pythons
  A frilled lizard (D:1)
  2 gnoll zombies (Ossuary)
  2 hobgoblin zombies (Ossuary)
  4 kobold zombies (Ossuary)
  3 orc skeletons (D:6)
  An orc zombie (D:6)
  5 rats
281 creatures vanquished.

Vanquished Creatures (others)
  20 demonic plants (Gauntlet)
  22 plants
  11 withered plants (Gauntlet)
53 creatures vanquished.

Grand Total: 334 creatures vanquished

Notes
Turn   | Place    | Note
-------+----------+-------------------------------------------
     0 | D:1      | lordive the Spriggan Enchanter began the quest for the Orb.
     0 | D:1      | Reached XP level 1. HP: 9/9 MP: 5/5
   680 | D:1      | Reached XP level 2. HP: 13/13 MP: 6/6
  1429 | D:2      | Found Futudgha's Armour Shop.
  1497 | D:2      | Learned a level 2 spell: Ensorcelled Hibernation
  1597 | D:2      | Reached XP level 3. HP: 15/16 MP: 1/8
  1967 | D:2      | Learned a level 3 spell: Confusing Touch
  1971 | D:2      | Learned a level 3 spell: Tukima's Dance
  2411 | D:2      | Reached skill level 5 in Stealth
  3111 | D:3      | Found a burning altar of Makhleb.
  3113 | D:3      | Found a blossoming altar of Fedhas.
  3114 | D:3      | Found a glowing golden altar of the Shining One.
  3656 | D:4      | Reached XP level 4. HP: 21/21 MP: 9/9
  4133 | D:4      | Reached skill level 1 in Fighting
  4133 | D:4      | Noticed a black bear
  4138 | D:4      | Killed a black bear
  4139 | D:4      | Reached XP level 5. HP: 25/25 MP: 8/11
  4282 | D:4      | Reached skill level 6 in Stealth
  4475 | D:4      | Found a runed translucent door.
  4476 | D:4      | Noticed Crazy Yiuf
  4617 | D:4      | Found an iron altar of Okawaru.
  4903 | D:4      | Reached skill level 5 in Hexes
  5067 | D:4      | Killed Crazy Yiuf
  5068 | D:4      | Reached XP level 6. HP: 30/30 MP: 7/12
  5146 | D:5      | Entered Level 5 of the Dungeon
  5640 | D:5      | Found a staircase to the Ecumenical Temple.
  5714 | Temple   | Entered the Ecumenical Temple
  6082 | Temple   | Became a worshipper of Dithmenos the Shadowed
  6252 | D:5      | Noticed Blork the orc
  6258 | D:5      | Killed Blork the orc
  6259 | D:5      | Reached XP level 7. HP: 34/34 MP: 15/15
  6351 | D:5      | Noticed Eustachio
  6363 | D:5      | Killed Eustachio
  6364 | D:5      | Reached skill level 7 in Stealth
  6364 | D:5      | Reached skill level 5 in Spellcasting
  7036 | D:5      | Reached skill level 5 in Dodging
  7345 | D:5      | Reached XP level 8. HP: 39/39 MP: 8/17
  7463 | D:5      | Reached skill level 8 in Stealth
  8026 | D:6      | Reached * piety under Dithmenos
  8092 | D:6      | Found a sand-covered staircase.
  8103 | D:6      | Reached skill level 9 in Stealth
  8248 | Ossuary  | Entered an ossuary
  8425 | Ossuary  | Reached XP level 9. HP: 29/44 MP: 6/20
  8848 | D:6      | Reached ** piety under Dithmenos
  9352 | D:6      | Noticed a two-headed ogre
  9376 | D:6      | Killed a two-headed ogre
  9377 | D:6      | Reached skill level 10 in Stealth
  9534 | D:7      | Reached skill level 5 in Short Blades
  9943 | D:7      | Identified the +9 war axe "Locrelor" {vorpal, rC+ Will+
                  | Str-4}
 11063 | D:8      | Noticed Joseph
 11079 | D:8      | Reached XP level 10. HP: 49/49 MP: 13/23
 11088 | D:8      | Reached skill level 11 in Stealth
 11112 | D:8      | Killed Joseph
 11582 | D:8      | Noticed Grum
 11588 | D:8      | Killed Grum
 11601 | D:8      | Reached skill level 1 in Armour
 11889 | D:9      | Reached skill level 1 in Shields
 13173 | D:10     | Entered Level 10 of the Dungeon
 13180 | D:10     | Reached *** piety under Dithmenos
 13219 | D:10     | Reached skill level 12 in Stealth
 13573 | D:10     | Learned a level 5 spell: Manifold Assault
 13581 | D:10     | Learned a level 7 spell: Enfeeble
 13589 | D:10     | Noticed Nergalle
 13596 | D:10     | Killed Nergalle
 13597 | D:10     | Reached XP level 11. HP: 54/54 MP: 25/25
 13665 | D:10     | Reached skill level 1 in Translocations
 13818 | D:10     | Noticed Urug
 13848 | D:10     | Killed Urug
 14299 | D:10     | Noticed a two-headed ogre
 14310 | D:10     | Killed a two-headed ogre
 14311 | D:10     | Reached skill level 10 in Spellcasting
 14318 | D:10     | Reached skill level 10 in Hexes
 14714 | D:11     | Noticed a boulder beetle
 14986 | D:11     | Killed a boulder beetle
 14987 | D:11     | Reached skill level 5 in Fighting
 15098 | D:11     | Reached skill level 1 in Invocations
 15298 | D:11     | Found a staircase to the Orcish Mines.
 15310 | D:11     | Reached skill level 13 in Stealth
 15478 | D:11     | Reached **** piety under Dithmenos
 15787 | D:11     | Noticed an oklob plant
 15791 | D:11     | Found a staircase to the Lair.
 15801 | D:11     | Killed an oklob plant
 15917 | D:11     | Noticed a two-headed ogre
 15919 | D:11     | Killed a two-headed ogre
 16450 | Lair:1   | Entered Level 1 of the Lair of Beasts
 16619 | Lair:1   | Found a gate leading to a gauntlet.
 16634 | Gauntlet | Entered a Gauntlet
 16634 | Gauntlet | Found a transporter.
 16647 | Gauntlet | Found a transporter.
 16658 | Gauntlet | Found a transporter.
 16661 | Gauntlet | Noticed a hell hog
 16663 | Gauntlet | Found a transporter.
 16678 | Gauntlet | Found a transporter.
 16696 | Gauntlet | Found the necklace of Bloodlust {*Rage Will++ Int-3 Slay+6}
 16698 | Gauntlet | Found a transporter.
 16706 | Gauntlet | Noticed a six-headed hydra
 16710 | Gauntlet | Found a transporter.
 16722 | Gauntlet | Found a transporter.
 16722 | Gauntlet | Noticed an obsidian statue
 16731 | Gauntlet | Noticed a ghost crab
 16734 | Gauntlet | Found a transporter.
 16746 | Gauntlet | Found a transporter.
 16748 | Gauntlet | Noticed a catoblepas
 16764 | Gauntlet | Found a transporter.
 16784 | Gauntlet | Found a transporter.
 16786 | Gauntlet | Found a transporter.
 16810 | Gauntlet | Noticed a necromancer
 16840 | Gauntlet | Found a transporter.
 16842 | Gauntlet | Found a transporter.
 16844 | Gauntlet | Found a transporter.
 16890 | Gauntlet | Killed a necromancer
 16911 | Gauntlet | Found a transporter.
 16913 | Gauntlet | Found a transporter.
 17055 | Gauntlet | Reached XP level 12. HP: 60/60 MP: 24/27
 17095 | Gauntlet | Identified the +1 cloak of Day {Fly rElec Will-}
 17193 | Gauntlet | Identified the ring of Widageg {MP+9 Str+4}
 17198 | Gauntlet | Killed a six-headed hydra
 17297 | Gauntlet | Noticed a minotaur
 17306 | Gauntlet | Slain by a minotaur

Illustrated notes

Levels and vault maps discovered:
D:1:      roderic_crop_circles_arrival_small, layout_basic
D:2:      layout_basic, serial_shops,
          nicolae_shop_temple_entry_statues_fountains
D:3:      layout_basic, grunt_temple_overflow_open
D:4:      layout_loops_cross, okawaru_altar_gauntlet_db, uniq_crazy_yiuf_cottage
D:5:      minmay_octagon_keep, layout_layer_cave, minmay_temple_entry_overgrown,
          sigmund_army, uniq_eustachio, uniq_blork_the_orc
D:6:      layout_cave_pods, nicolae_ossuary_entry_catacombs
D:7:      layout_gridville, kennysheep_crisscross, nicolae_figureground_sparkle
D:8:      layout_rooms, uniq_joseph, uniq_grum
D:9:      layout_grid_maze
D:10:     layout_long_grid, minmay_misc_feat_four_crosses,
          kennysheep_small_circle, uniq_nergalle, uniq_urug
D:11:     layout_basic, dpeg_oklobed_lair,
          kennysheep_orc_monster_closet_entryway
D:12:     layout_gridville
Temple:   dpeg_five_rooms_temple
Lair:1:   layout_cave_pods, gauntlet_entry_generic,
          portal_ice_cave_entry_pillars_2
Gauntlet: gammafunk_gauntlet_one_two_three [gammafunk_gauntlet_arena_corners,
          gammafunk_gauntlet_arena_split_diamond,
          gammafunk_gauntlet_arena_chambers, gammafunk_gauntlet_arena_hedges,
          gammafunk_gauntlet_arena_split_x, nicolae_gauntlet_arena_blocks,
          gammafunk_gauntlet_arena_mazey, gammafunk_gauntlet_arena_arrow_garden,
          gammafunk_gauntlet_arena_teeth, gauntlet_exit_green]

Skill      XL: |  1  2  3  4  5  6  7  8  9 10 11 12 |
---------------+-------------------------------------+-----
Dodging        | 3 4 5 6 7 8 9 |  9.1
Spellcasting   | 3 4 5 7 8 9 10 | 10.9
Hexes          | 4 5 6 7 8 9 10 | 10.6
Stealth        | 5 6 7 9 10 12 13 | 13.7
Fighting       | 1 2 3 4 5 |  5.4
Short Blades   | 2 3 4 5 6 |  6.9
Armour         | 2 3 |  3.1
Shields        | 1 2 3 |  3.0
Translocations | 4 |  4.3
Invocations    | 2 |  2.4

Action                   |  1- 3 |  4- 6 |  7- 9 | 10-12 || total
-------------------------+-------+-------+-------+-------++-------
Melee: Dagger            |   108 |    59 |   265 |   311 ||   743
       Punch             |     2 |       |     5 |       ||     7
Throw: Dart              |       |       |       |     1 ||     1
 Cast: Ensorcelled Hiber |    34 |    39 |    82 |   121 ||   276
       Confusing Touch   |       |     3 |    25 |    21 ||    49
  Use: Scroll            |       |       |     7 |     5 ||    12
       Potion            |       |       |       |     3 ||     3
 Stab: Sleeping          |    32 |    30 |    72 |    80 ||   214
       Confused          |       |     3 |    27 |    28 ||    58
       Invisible         |       |       |       |     1 ||     1
Armor: Robe              |     5 |     3 |    28 |       ||    36
       Steam dragon scal |       |       |     1 |     5 ||     6
       Troll leather arm |       |       |       |    11 ||    11
Dodge: Dodged            |    85 |    51 |   219 |   167 ||   522
Block: Buckler           |       |       |       |    64 ||    64

Table legend: (Time is in decaauts)
 A = Elapsed time spent in this place.
 B = Non-inter-level travel time spent in this place.
 C = Inter-level travel time spent in this place.
 D = Time resting spent in this place.
 E = Time spent auto-exploring this place.
 F = Levels seen in this place.
 G = Mean time per level.
                   A        B        C        D        E       F      G
               +--------+--------+--------+--------+--------+-----+--------+
         Total |  13141 |  12720 |    421 |   1530 |   8544 |  16 |  821.3 |
       Dungeon |  11883 |  11481 |    402 |   1502 |   7887 |  12 |  990.2 |
        Temple |    285 |    266 |     19 |      0 |    256 |   1 |  285.0 |
          Lair |    111 |    111 |      0 |      0 |     98 |   1 |  111.0 |
       Ossuary |    376 |    376 |      0 |      0 |    219 |   1 |  376.0 |
      Gauntlet |    484 |    484 |      0 |     28 |     82 |   1 |  484.0 |
               +--------+--------+--------+--------+--------+-----+--------+

Top non-repeatable levels by time:
     D:5: 1646 daAuts
    D:10: 1365 daAuts
     D:2: 1327 daAuts
     D:4: 1296 daAuts
    D:11: 999 daAuts
     D:6: 985 daAuts
     D:7: 973 daAuts
     D:1: 839 daAuts
     D:3: 792 daAuts
     D:9: 784 daAuts
     D:8: 763 daAuts
Gauntlet: 484 daAuts
 Ossuary: 376 daAuts
  Temple: 285 daAuts
  Lair:1: 111 daAuts
